Map: 16-Bit LE

Players

Recca

  • Race: Terran Terran
  • League: Diamond
  • Spawn Location: 7:00

Dauntless - Winner!

  • Race: Protoss Protoss
  • League: Diamond
  • Spawn Location: 1:00

VOD

Have the link to the VOD?

Description

Time

  • Played on: June 23, 2018, 12:03 p.m.
  • Length: 19:42
Show
View Real Time Build Order
Export as new Build Order

Recca Terran 

Build Orders: Command Center First (CC), Bio Mine 

Get SALT Encoding   

  12  0:01  SCV  
  13  0:13  SCV  
  14  0:18  Supply Depot  
  14  0:25  SCV  
  15  0:40  SCV  
  16  0:58  Command Center  
  16  1:02  SCV  
  17  1:14  SCV  
  17  1:18  Barracks  
  18  1:26  SCV  
  18  1:30  Barracks  
  19  1:38  SCV  
  20  1:44  Barracks  
  20  1:50  SCV  
  21  2:05  Orbital Command  
  21  2:06  Marine  
  22  2:11  Orbital Command  
  22  2:18  Marine  
  22  2:20  Refinery  
  23  2:25  Marine  
  23  2:26  Refinery  
  24  2:31  SCV  
  24  2:34  Marine  
  26  2:37  Marine  
  26  2:39  SCV  
  26  2:43  SCV  
  29  2:44  Marine  
  30  2:51  SCV  
  30  2:52  Engineering Bay  
  30  2:54  Barracks Tech Lab  
  30  2:55  Marine  
  30  2:57  SCV  
  33  3:04  Barracks Reactor  
  33  3:05  SCV  
  34  3:10  SCV  
  34  3:12  Supply Depot  
  35  3:13  Marine  
  35  3:14  Marine  
  35  3:17  SCV  
  38  3:20  Stimpack  
  38  3:33  SCV, Marine  
  40  3:37  Supply Depot  
  40  3:39  Terran Infantry Weapons Level 1  
  40  3:40  SCV  
  40  3:41  Marine x2  
  42  3:42  Marine  
  42  3:46  Missile Turret, SCV  
  45  3:53  SCV  
  45  3:54  Supply Depot  
  46  3:56  Barracks Tech Lab  
  46  3:58  Marine  
  46  3:59  SCV, Marine  
  49  4:03  Marauder  
  49  4:07  SCV  
  52  4:14  Combat Shield  
  52  4:15  Marauder  
  52  4:16  Marine x2  
  55  4:19  Supply Depot  
  55  4:20  SCV  
  55  4:22  SCV  
  58  4:26  Marauder  
  60  4:33  SCV  
  60  4:34  Factory  
  60  4:37  SCV  
  62  4:41  Marauder, Marine x2  
  62  4:42  Supply Depot  
  62  4:45  SCV  
  67  4:51  SCV  
  68  5:00  Refinery  
  68  5:04  SCV  
  68  5:05  Supply Depot  
  69  5:07  SCV  
  70  5:15  Marauder x2  
  70  5:16  Marine x2  
  70  5:19  SCV  
  70  5:20  Concussive Shells  
  77  5:22  Command Center  
  68  5:35  Supply Depot  
  60  5:36  Factory Reactor  
  60  5:37  Marauder x2  
  60  5:39  Starport, SCV  
  60  5:40  SCV  
  66  5:43  Terran Infantry Armor Level 1  
  66  5:46  Refinery  
  66  5:50  Barracks  
  66  5:52  SCV x2  
  66  5:53  Barracks  
  68  6:00  Marauder x2  
  68  6:04  SCV x2  
  74  6:06  Marine x2  
  76  6:16  SCV x2  
  76  6:17  Missile Turret x2  
  78  6:21  Marauder  
  80  6:28  SCV x2  
  80  6:31  Engineering Bay  
  80  6:32  Armory, Medivac x2  
  86  6:35  Factory Reactor  
  86  6:37  Orbital Command  
  86  6:39  Marauder, Marine  
  88  6:40  SCV, Marine  
  88  6:42  Barracks Tech Lab  
  88  6:43  Barracks Reactor  
  88  6:45  SCV  
  92  6:52  SCV  
  93  6:55  Supply Depot  
  93  6:56  Marauder  
  93  6:57  Supply Depot  
  93  6:59  SCV  
  93  7:01  Marauder x2, Marine  
  100  7:02  Marine  
  100  7:04  SCV  
  100  7:08  Medivac x2  
  107  7:17  Marauder  
  107  7:18  Widow Mine  
  107  7:19  Widow Mine, Marine  
  107  7:20  SCV x2, Marine  
  107  7:22  Marauder  
  119  7:26  Supply Depot, SCV  
  119  7:27  Refinery  
  120  7:32  Terran Infantry Weapons Level 2  
  120  7:35  SCV x2  
  122  7:41  Marine x3  
  125  7:44  Terran Infantry Armor Level 2  
  125  7:47  Marine x2  
  125  7:48  Supply Depot  
  126  8:08  Marine x2  
  126  8:09  Marauder x3, Medivac x2  
  126  8:11  Widow Mine  
  131  8:17  Widow Mine, SCV  
  130  8:24  Refinery  
  130  8:26  Marine x3  
  130  8:27  Marine  
  127  8:30  Marauder  
  127  8:31  Liberator  
  127  8:32  Terran Vehicle And Ship Armor Level 1, Barracks  
  127  8:33  Barracks  
  124  8:35  Marine x2  
  124  8:37  Barracks  
  124  8:38  Factory  
  124  8:39  Supply Depot, SCV  
  124  8:40  Command Center  
  127  8:44  Marine  
  131  8:51  Widow Mine x2, Marine x2  
  131  8:52  Marine  
  138  8:56  Supply Depot  
  138  8:57  Supply Depot  
  138  8:58  Supply Depot  
  138  9:03  Missile Turret  
  138  9:08  Marine x3  
  138  9:09  Marauder  
  137  9:13  Ghost Academy, Widow Mine x2  
  141  9:26  Marauder x2  
  141  9:30  Marauder, Factory Tech Lab  
  147  9:32  Barracks Tech Lab x2  
  147  9:34  Barracks Reactor  
  147  9:44  Marine x3  
  147  9:45  Marine  
  151  9:48  Marauder x2  
  151  9:49  Drilling Claws  
  151  9:51  Widow Mine  
  151  9:52  Widow Mine x2  
  161  9:55  Personal Cloaking  
  161  9:57  Terran Infantry Weapons Level 3  
  161  10:00  Terran Infantry Armor Level 3  
  161  10:03  Marine x3  
  161  10:04  Marauder x2  
  168  10:08  Marine x2  
  168  10:09  Marine  
  168  10:10  Medivac  
  173  10:20  Marine x2  
  173  10:21  Marine  
  175  10:22  Widow Mine x3  
  171  10:34  Marauder  
  171  10:35  Marauder x2  
  176  10:43  Marine  
  176  10:44  Marine x4  
  176  10:45  Medivac x2  
  176  10:47  Widow Mine x3  
  176  10:49  Terran Vehicle And Ship Armor Level 2  
  155  11:08  Widow Mine  
  139  11:12  Marine x4  
  139  11:14  Widow Mine x2  
  139  11:17  Marine x3  
  149  11:18  Medivac x2  
  149  11:26  Planetary Fortress  
  149  11:30  Widow Mine  
  149  11:32  Ghost x3  
  145  11:34  Marine x2  
  153  11:50  Marine x2  
  153  11:51  Marine  
  153  11:52  Widow Mine x2  
  160  11:59  Starport  
  160  12:00  Command Center  
  160  12:01  Fusion Core  
  160  12:08  Factory Reactor  
  152  12:24  Marine x3, Liberator x2  
  152  12:25  Marauder x5, Liberator  
  152  12:34  Widow Mine x2  
  152  12:39  Marine x3  
  161  12:45  Refinery  
  161  12:46  Marauder x3  
  161  12:47  Marauder x2, Refinery  
  161  12:51  Hi-Sec Auto Tracking  
  171  12:54  Structure Armor  
  171  13:06  Missile Turret  
  171  13:12  Missile Turret, Marine x2, Terran Ship Weapons Level 1  
  171  13:13  Marine x2  
  171  13:17  Ghost x2  
  179  13:20  Nuke  
  179  13:23  Liberator  
  179  13:26  Medivac  
  181  13:36  Advanced Ballistics  
  184  13:49  Planetary Fortress, Marine  
  184  13:50  Marine x6  
  184  13:51  Refinery, Marine x4  
  184  13:52  Hellbat x2  
  199  13:56  Refinery  
  199  14:07  Marine  
  192  14:53  Liberator x3  
  192  14:57  Marine x2  
  192  14:58  Marauder x3  
  192  14:59  Marauder  
  168  15:01  Marine x2  
  168  15:02  Marauder  
  168  15:06  Marine x2  
  167  15:09  Hellbat x4  
  155  15:17  Marine x2  
  155  15:19  Marauder, Marine x2, Ghost x2  
  155  15:20  Marauder, High Capacity Fuel Tanks  
  157  15:23  Ghost  
  157  15:24  Marine  
  160  15:30  Hellbat  
  162  15:36  Liberator x3  
  162  15:38  Marine x2  
  162  15:39  Marine x3  
  162  15:40  Hellbat  
  162  15:41  Marauder x2, Hellbat x2, Command Center  
  162  15:42  Marine  
  177  15:48  Marauder x2  
  178  15:52  Marauder, Hellbat  
  187  16:02  Marauder  
  186  16:19  Liberator  
  186  16:23  Marine x2  
  186  16:24  Marine  
  189  16:26  Widow Mine x3  
  189  16:27  Widow Mine  
  189  16:31  Terran Ship Weapons Level 2  
  189  16:32  Neosteel Frame  
  197  16:34  Factory  
  200  16:44  Command Center  
  200  16:53  Refinery  
  200  16:55  Missile Turret  
  200  16:57  Nuke  
  200  17:01  Command Center  
  200  17:11  Refinery  
  200  17:16  Missile Turret, Command Center  
  141  17:30  Marine x3  
  141  17:31  Marauder x4  
  141  17:32  Marauder, Viking  
  141  17:33  Viking x2  
  135  17:47  Marine x3  
  135  17:48  Marine x3  
  121  17:52  Marauder  
  121  17:53  Marauder x2  
  121  17:54  Marine x2  
  121  17:55  Hellbat x2  
  121  17:57  Factory Tech Lab  
  123  18:02  Hellbat x2, Viking  
  123  18:03  Viking x2  
  123  18:04  Marine  
  134  18:12  Planetary Fortress  
  134  18:16  Orbital Command  
  134  18:19  Planetary Fortress  
  134  18:23  Missile Turret  
  134  18:26  Marauder  
  136  18:28  Ghost  
  136  18:30  Missile Turret  
  136  18:32  Planetary Fortress, Viking  
  136  18:33  Viking x2  
  119  18:54  Marine  
  101  19:02  Marine x6, Viking  
  85  19:03  Marauder x2, Viking x2  
  85  19:04  Marauder  
  92  19:11  Marine  
  92  19:12  Marine  
  86  19:20  Hellbat x5, Marine x6  
Show
View Real Time Build Order
Export as new Build Order

Dauntless Protoss - Winner!

Build Orders: 1 Gate Expand 

Get SALT Encoding   

  12  0:01  Probe  
  13  0:13  Probe  
  14  0:22  Pylon  
  14  0:25  Probe  
  15  0:37  Probe  
  15  0:39  Assimilator  
  16  0:45  Probe  
  16  0:49  Gateway  
  17  0:53  Probe  
  17  1:01  Probe  
  18  1:09  Probe  
  20  1:28  Nexus  
  20  1:38  Cybernetics Core  
  20  1:43  Zealot  
  22  1:52  Pylon  
  22  2:00  Probe  
  23  2:02  Pylon  
  23  2:06  Adept, Assimilator  
  23  2:12  Probe  
  26  2:19  Warp Gate  
  26  2:24  Probe  
  27  2:32  Adept  
  27  2:36  Probe  
  30  2:42  Probe  
  31  2:49  Probe  
  32  2:52  Robotics Facility  
  32  2:54  Probe  
  33  2:59  Sentry  
  33  3:00  Probe  
  33  3:02  Probe  
  36  3:08  Probe  
  36  3:10  Probe  
  38  3:17  Probe  
  39  3:21  Probe  
  39  3:22  Shield Battery  
  41  3:29  Probe  
  41  3:33  Probe  
  45  3:39  Immortal  
  45  3:41  Probe  
  48  3:45  Probe  
  49  3:52  Pylon  
  49  3:53  Probe, Stalker  
  52  3:57  Probe  
  53  4:05  Probe, Pylon  
  53  4:08  Pylon  
  54  4:10  Probe  
  55  4:17  Probe  
  55  4:18  Immortal  
  55  4:22  Probe  
  61  4:27  Twilight Council  
  61  4:30  Forge  
  61  4:34  Gateway  
  61  4:42  Stalker  
  61  4:45  Probe x2  
  64  4:46  Assimilator, Protoss Ground Weapons Level 1  
  64  4:48  Assimilator  
  64  4:50  Shield Battery  
  65  4:53  Shield Battery  
  65  4:54  Charge  
  65  4:58  Observer  
  66  5:11  Gateway  
  66  5:12  Gateway  
  66  5:19  Photon Cannon  
  66  5:22  Immortal  
  66  5:23  Photon Cannon  
  66  5:27  Adept  
  66  5:39  Adept  
  68  5:47  Shield Battery  
  68  5:51  Gateway  
  68  5:53  Gateway  
  68  5:59  Pylon  
  68  6:04  Adept x2  
  68  6:07  Immortal  
  76  6:23  Templar Archives  
  76  6:24  Observer  
  76  6:28  Nexus  
  76  6:31  Pylon  
  76  6:34  Assimilator  
  76  6:38  Assimilator  
  76  6:39  Psionic Storm, Probe  
  78  6:40  Probe, Protoss Ground Weapons Level 2  
  78  6:51  Probe  
  78  6:52  Probe  
  81  6:54  Observer  
  81  6:58  Blink  
  81  7:04  Probe x2  
  81  7:07  High Templar  
  85  7:16  Probe x2  
  85  7:22  Shield Battery  
  87  7:24  Photon Cannon  
  87  7:27  Photon Cannon  
  87  7:33  Observer  
  88  7:40  Probe x3  
  91  7:45  Pylon  
  91  7:49  High Templar x2  
  95  7:52  Probe  
  95  7:54  Observer, Photon Cannon  
  93  8:10  Zealot x4  
  101  8:18  Immortal  
  103  8:25  Photon Cannon  
  97  8:27  Shield Battery  
  97  8:31  Protoss Ground Weapons Level 3  
  97  8:34  Photon Cannon  
  97  8:38  Photon Cannon  
  97  8:39  Probe x3  
  100  8:50  Immortal  
  100  8:51  Probe  
  101  9:02  High Templar x3  
  111  9:11  Resonating Glaives  
  110  9:27  Immortal  
  114  9:32  Nexus  
  114  9:33  High Templar  
  114  9:36  Assimilator  
  114  9:37  Pylon  
  116  9:41  Pylon x2  
  116  9:44  Pylon  
  116  9:47  Robotics Facility  
  116  9:50  Robotics Bay  
  116  9:56  High Templar x2  
  116  9:57  High Templar  
  116  9:59  Zealot  
  124  10:00  Archon  
  124  10:06  Observer  
  125  10:08  Gateway  
  125  10:10  Gateway  
  125  10:14  High Templar  
  125  10:16  Gateway x2  
  125  10:27  Probe x3  
  128  10:33  Observer  
  129  10:41  High Templar  
  129  10:42  High Templar  
  132  10:54  Immortal  
  116  11:02  Zealot  
  116  11:03  Zealot x2  
  116  11:08  Zealot  
  99  11:18  Zealot x2  
  95  11:28  Nexus  
  95  11:30  Assimilator  
  93  11:34  Pylon  
  93  11:37  Pylon  
  93  11:38  High Templar  
  95  11:41  Pylon  
  95  11:42  Photon Cannon  
  95  11:48  Photon Cannon  
  95  11:51  Extended Thermal Lance, Colossus x2  
  107  11:56  Zealot x2  
  111  12:03  Zealot x2  
  115  12:10  High Templar x3  
  115  12:13  Zealot  
  115  12:14  Archon  
  116  12:32  Stalker x3  
  118  12:57  Probe  
  118  12:58  Probe x3  
  122  13:02  High Templar  
  122  13:03  High Templar  
  126  13:06  Archon  
  126  13:09  Probe  
  126  13:10  Probe x3  
  130  13:18  Protoss Ground Armor Level 1  
  130  13:21  High Templar x2  
  130  13:22  Probe x2  
  130  13:23  Probe x2  
  138  13:29  Archon  
  138  13:34  Probe x2  
  139  13:35  Probe  
  141  13:43  Probe  
  142  13:51  Probe x2  
  142  13:54  High Templar x2  
  147  13:58  Archon  
  147  14:00  Observer  
  147  14:01  Observer  
  147  14:02  Probe  
  150  14:03  Probe  
  152  14:13  Colossus x2  
  152  14:14  Probe  
  153  14:24  Dark Shrine  
  165  14:26  Probe  
  166  14:36  Zealot x3  
  166  14:37  Zealot x2  
  162  14:55  Zealot x2  
  134  15:02  Zealot x2  
  134  15:03  Zealot x4  
  126  15:14  Stalker  
  126  15:20  Shield Battery  
  126  15:22  Shield Battery  
  126  15:25  Photon Cannon  
  126  15:27  Colossus, Photon Cannon  
  132  15:33  Colossus  
  136  15:38  Stalker  
  123  15:56  Stalker  
  116  15:57  Stalker  
  116  16:01  Probe x2  
  116  16:02  Probe x2  
  118  16:09  Probe x2  
  118  16:10  Probe x2  
  118  16:17  Probe  
  118  16:18  Probe x3, High Templar  
  122  16:19  High Templar x3  
  122  16:20  High Templar  
  122  16:22  Archon  
  122  16:23  Archon  
  122  16:24  High Templar  
  122  16:25  High Templar  
  140  16:31  Archon  
  140  16:33  Observer  
  140  16:34  High Templar x2  
  144  16:40  Archon  
  144  17:00  High Templar x6  
  144  17:01  Nexus  
  156  17:04  Archon x2  
  156  17:05  Archon  
  156  17:09  Stalker x2  
  156  17:11  Zealot  
  132  17:34  Stalker x4  
  132  17:35  Stalker, Zealot  
  132  17:36  Zealot x3  
  130  17:58  Pylon  
  130  18:01  Pylon  
  130  18:04  High Templar x2  
  130  18:05  Stalker, Pylon  
  136  18:07  Zealot x4  
  136  18:08  Zealot  
  136  18:09  Pylon  
  136  18:12  Assimilator  
  146  18:17  Assimilator  
  146  18:25  Zealot  
  122  19:03  Stalker x2  
  122  19:04  Stalker x5  
  122  19:05  Stalker x2  
  134  19:36  Stalker x2  
  134  19:37  Stalker x4  
  134  19:38  Stalker, Zealot x2  
Tags
 
Add a new tag
Caveats
  • Supply blocks, unpowered buildings, or Contaminate may cause inaccurate times.
  • Supply counts are checked every 10 seconds.